 Dungeon Crawl Stone Soup version 0.14-a0-155-gd989017 (webtiles) character file.

1089 Malachi the Grave Robber (level 7, 0/51 HPs)
             Began as a Demigod Necromancer on Oct 5, 2013.
             Slain by an ogre
             ... wielding a +0,+0 giant spiked club
              (20 damage)
             ... on Level 6 of the Dungeon.
             The game lasted 00:17:03 (6346 turns).

Malachi the Grave Robber (Demigod Necromancer)      Turns: 6346, Time: 00:17:03

HP   0/51        AC  4     Str 14      XL: 7   Next: 52%
MP   6/18        EV 15     Int 21      God:
Gold 178         SH  0     Dex 16      Spells:  3 memorised,  4 levels left

Res.Fire  : . . .   See Invis. : .   d - +0,+4 orc flail
Res.Cold  : . . .   Warding    : .   a - +0 robe
Life Prot.: . . .   Conserve   : .   (no shield)
Res.Poison: .       Res.Corr.  : .   (no helmet)
Res.Elec. : .       Clarity    : .   (no cloak)
Sust.Abil.: . .     Spirit.Shd : .   m - +1 pair of gauntlets
Res.Mut.  : .       Stasis     : .   (no boots)
Res.Rott. : .       Flight     : .   (no amulet)
Saprovore : . . .                    (no ring)
                                     (no ring)

@: slightly resistant to hostile enchantments, fairly stealthy
A: no striking features
a: no special abilities


You were on level 6 of the Dungeon.
You were very hungry.

You visited 1 branch of the dungeon, and saw 6 of its levels.

You collected 158 gold pieces.

Inventory:

Hand weapons
 d - a +0,+4 orcish flail (weapon)
 g - a +1,+2 short sword of protection
 k - a +1,+1 vampiric dagger
 o - a +0,+0 short sword of protection
 s - a +0,+0 dagger
 F - a +0,+0 quarterstaff
 I - a +3,+0 spear of chaos
 K - a +2,+0 spear of venom
Missiles
 h - 18 poisoned needles
 y - 7 javelins (quivered)
 D - 7 needles of paralysis
Armour
 a - a +0 robe (worn)
 m - a +1 pair of gauntlets (worn)
 x - a +0 elven scale mail
Magical devices
 q - a wand of frost (10) {unknown}
 w - a wand of slowing (8)
 E - a wand of random effects (7) {unknown}
Comestibles
 c - a bread ration
 f - a pear
 n - 3 meat rations
 p - 4 chokos
 J - a beef jerky
Scrolls
 e - a scroll of amnesia
 i - a scroll of curse weapon
 l - 3 scrolls of remove curse {unknown}
 t - 2 scrolls of identify {unknown}
 B - a scroll of enchant armour
 C - a scroll of enchant weapon I
Potions
 j - a potion of brilliance
 u - a potion of curing
 v - 2 potions of confusion {unknown}
 z - a potion of resistance {unknown}
 A - a potion of might {unknown}
 G - a potion of restore abilities {unknown}
 H - a potion of mutation {unknown}
Books
 b - a book of Necromancy

   Spells                             Type                      Level
   *Pain                              Necromancy                   1
   Animate Skeleton                   Necromancy                   1
   Lethal Infusion                    Charms/Necromancy            2
   *Vampiric Draining                 Necromancy                   3
   *Regeneration                      Charms/Necromancy            3
   Animate Dead                       Necromancy                   4
   Control Undead                     Necromancy                   4


   Skills:
 + Level 1.5 Fighting
 - Level 2.3 Short Blades
 + Level 4.8 Dodging
 + Level 2.6 Stealth
 + Level 2.6 Spellcasting
 * Level 6.0 Necromancy


You had 4 spell levels left.
You knew the following spells:

 Your Spells              Type           Power        Failure   Level  Hunger
a - Pain                  Necr           ####         1%          1    None
b - Vampiric Draining     Necr           ####......   3%          3    ###....
c - Regeneration          Chrm/Necr      ###.......   14%         3    ###....


Dungeon Overview and Level Annotations

Branches:
Dungeon (6/27)             Temple (0/1) D:5
    Orc: D:6-11

Shops:
D:4 /


Message History

Your Necromancy skill increases to level 6!
You feel life coursing into your body.
The ogre hits you with a giant spiked club!
* * * LOW HITPOINT WARNING * * *
Casting: Vampiric Draining
Confirm with . or Enter, or press ? or * to list all spells.
Aiming: Vampiric Draining
Press: ? - help, Shift-Dir - straight line, f - ogre
Aim: an ogre, wielding a giant spiked club The ogre is moderately wounded.
You feel life coursing into your body.
Casting: Vampiric Draining
Confirm with . or Enter, or press ? or * to list all spells.
Aiming: Vampiric Draining
Press: ? - help, Shift-Dir - straight line, f/p - ogre
Aim: an ogre, wielding a giant spiked club (moderately wounded)
The ogre is severely wounded.
You feel life coursing into your body.
The ogre hits you with a giant spiked club!
You die...

# #.........# #....# ####
####.........# #....#
...# #......####### #..
...# #......# # ...#
#......# ######.## ...#
#......# #........ ...#
#......# #...>.$..
...###......####.........
............)...@........
...###......####.O.......
...# ######## #########
####


You could see an ogre.

Vanquished Creatures
  2 ogres
  7 crimson imps
  A jelly (D:6)
  2 orc priests (D:4)
  A hound (D:4)
  2 iguanas
  2 orc wizards (D:4)
  4 worker ants
  3 gnolls
  6 adders
  2 worms
  A giant eyeball (D:4)
  3 giant geckos
  2 oozes (D:4)
  3 orcs
  2 ball pythons
  4 giant cockroaches
  14 goblins
  11 hobgoblins
  18 jackals
  7 kobolds
  3 quokkas
  9 bats
  9 giant newts
  A jackal skeleton (D:4)
  A quokka zombie (D:5)
  7 rats
  A rat skeleton (D:5)
128 creatures vanquished.

Vanquished Creatures (others)
  A gnoll (D:4)
1 creature vanquished.

Grand Total: 129 creatures vanquished

Notes
Turn   | Place    | Note
--------------------------------------------------------------
     0 | D:1      | Malachi, the Demigod Necromancer, began the quest for the Orb.
     0 | D:1      | Reached XP level 1. HP: 14/14 MP: 5/5
   435 | D:1      | Reached skill level 4 in Necromancy
   470 | D:1      | Reached XP level 2. HP: 18/20 MP: 4/6
  1264 | D:2      | Found a deep blue altar of Sif Muna.
  1268 | D:2      | Reached XP level 3. HP: 20/26 MP: 2/8
  1323 | D:2      | Learned a level 3 spell: Vampiric Draining
  1878 | D:2      | Reached XP level 4. HP: 33/33 MP: 11/11
  2144 | D:3      | Reached skill level 5 in Necromancy
  2319 | D:3      | Reached skill level 1 in Short Blades
  2475 | D:3      | Reached XP level 5. HP: 14/38 MP: 13/13
  2718 | D:3      | Reached skill level 1 in Fighting
  3189 | D:3      | Learned a level 3 spell: Regeneration
  3218 | D:4      | Found Ucugeps' Magical Wand Boutique.
  3637 | D:5      | Entered Level 5 of the Dungeon
  3748 | D:5      | Noticed an ogre
  3756 | D:5      | Killed an ogre
  3756 | D:5      | Reached XP level 6. HP: 31/45 MP: 8/16
  4024 | D:5      | Found a staircase to the Ecumenical Temple.
  5192 | D:4      | Reached XP level 7. HP: 38/51 MP: 11/18
  5614 | D:4      | Found a shimmering altar of Xom.
  6252 | D:6      | Found a glowing silver altar of Zin.
  6344 | D:6      | Reached skill level 6 in Necromancy
  6346 | D:6      | Slain by an ogre

Action                   |  1- 3 |  4- 6 |  7- 9 || total
-------------------------+-------+-------+-------++-------
Melee: Unarmed           |     2 |       |       ||     2
       Short sword       |   104 |   520 |       ||   624
       Dagger            |     8 |       |       ||     8
       Flail             |       |     7 |     3 ||    10
       Spear             |       |       |   107 ||   107
 Cast: Pain              |    44 |     1 |     2 ||    47
       Vampiric Draining |     4 |    15 |     9 ||    28
Evoke: Wand              |       |     3 |       ||     3
  Use: Scroll            |       |     7 |     6 ||    13
       Potion            |       |     3 |       ||     3
 Stab: Sleeping          |       |     2 |       ||     2
       Paralysed         |       |       |     4 ||     4
       Petrifying        |       |       |     2 ||     2
       Petrified         |       |       |     2 ||     2
       Distracted        |       |       |     1 ||     1
